 Dungeon Crawl Stone Soup version 0.29-a0-824-gd827844252 (webtiles) character file.

Game seed: 9145267241335850695

1245 Malachi the Insei (level 8, -2/72 HPs)
             Began as an Octopode Transmuter on July 10, 2022.
             Was an Initiate of Sif Muna.
             Slain by Duvessa
             ... wielding a +0 short sword
              (8 damage)
             ... on level 4 of the Dungeon.
             The game lasted 00:08:56 (7475 turns).

Malachi the Insei (Octopode Transmuter)             Turns: 7475, Time: 00:08:56

Health: -2/72      AC: 24    Str:  9    XL:     8   Next: 50%
Magic:  14/14      EV:  2    Int: 17    God:    Sif Muna [......]
Gold:   279        SH:  0    Dex: 13    Spells: 14/15 levels left

rFire   . . .      SeeInvis .     - Unarmed
rCold   . . .      Faith    .   (no shield)
rNeg    + . .      Spirit   .   (helmet currently unavailable)
rPois   +          Reflect  .   h - amulet of magic regeneration
rElec   .          Harm     .   p - ring of positive energy
rCorr   .          Rampage  .   (no ring)
Will    .....      NoTele   +   (no ring)
Stlth   ++........              (no ring)
HPRegen 0.22/turn               (no ring)
MPRegen 0.54/turn               (no ring)
                                (no ring)
                                (no ring)

@: tree-form
A: stationary, stasis, torment immunity, boosted hp, almost no armour,
(amphibious), 8 rings, (camouflage 1), (gelatinous body 1), (nimble swimmer 1),
(tentacles)
a: Renounce Religion


You were on level 4 of the Dungeon.
You worshipped Sif Muna.
Sif Muna was noncommittal.
You were a tree.
You visited 2 branches of the dungeon, and saw 5 of its levels.

You collected 279 gold pieces.

Inventory:

Missiles
 t - 7 atropa-tipped darts
Jewellery
 d - a ring of fire
 h - an amulet of magic regeneration (around neck)
 p - a ring of positive energy (left branch)
 v - a ring of ice
Wands
 b - a wand of roots (5)
 u - a wand of flame (13)
Scrolls
 e - a scroll of noise
 f - a scroll of silence
 j - 4 scrolls of identify {unknown}
 k - a scroll of immolation {unknown}
 l - a scroll of enchant weapon {unknown}
 o - a scroll of fear {unknown}
 q - 3 scrolls of teleportation {unknown}
 r - a scroll of vulnerability {unknown}
Potions
 c - 2 potions of curing
 g - a potion of resistance
 i - 2 potions of heal wounds
 m - a potion of brilliance {unknown}
 n - a potion of flight {unknown}
 s - a potion of ambrosia {unknown}


   Skills:
 - Level 1.0 Fighting
 + Level 0.3(0.4) Short Blades
 + Level 0.2(0.3) Long Blades
 + Level 0.5(0.8) Axes
 + Level 0.4(0.7) Maces & Flails
 + Level 0.4(0.7) Polearms
 + Level 0.2(0.5) Staves
 + Level 0.5 Ranged Weapons
 + Level 0.3 Throwing
 - Level 2.0 Dodging
 - Level 1.3 Stealth
 + Level 0.5 Shields
 - Level 6.7 Unarmed Combat
 - Level 4.0 Spellcasting
 + Level 0.2 Conjurations
 + Level 0.2 Hexes
 + Level 0.2 Summonings
 + Level 0.2 Necromancy
 + Level 0.5 Translocations
 - Level 6.0 Transmutations
 + Level 0.4 Fire Magic
 + Level 0.3 Ice Magic
 + Level 0.2 Air Magic
 + Level 0.3 Earth Magic
 + Level 0.4 Poison Magic
 + Level 0.8 Invocations
 + Level 0.3 Evocations


You had 14 spell levels left.
You knew the following spells:

 Your Spells              Type           Power      Damage    Failure   Level
a - Beastly Appendage     Tmut           46%        N/A       1%          1

Your spell library contained the following spells:

 Spells                   Type           Power      Damage    Failure   Level
 Wereblood                Tmut           23%        N/A       1%          2
 Spider Form              Tmut/Pois      14%        N/A       13%         3
 Ice Form                 Ice/Tmut       14%        N/A       38%         4


Dungeon Overview and Level Annotations

Branches:
Dungeon (4/15)             Temple (1/1) D:4

Altars:
Ashenzari
Dithmenos
Elyvilon
Fedhas
Gozag
Hepliaklqana
Kikubaaqudgha
Makhleb
Nemelex Xobeh
Okawaru
Ru
Sif Muna
Trog
Uskayaw
Vehumet
Wu Jian
Yredelemnul
The Shining One

Shops:
D:1 =!:?=

Annotations:
D:4 Duvessa


Innate Abilities, Weirdness & Mutations

You are a tree.
Your roots penetrate the ground, keeping you stationary.
You cannot be teleported.
You are immune to unholy pain and torment.
Your maximum health is greatly increased.
You cannot wear most types of armour.
((You are amphibious.))
You can wear up to eight rings at the same time.
((Your skin changes colour to match your surroundings (Stealth+).))
((Your rubbery body absorbs attacks. (AC +1, EV +1)))
((You are camouflaged when in or above water. (Stealth+)))
((You have tentacles for arms and can constrict up to eight enemies at once.))


Message History

Your tentacle spike disappears.
You turn into a tree.
Your roots penetrate the ground.
Duvessa hits you but does no damage. x2
Unknown command.
Unknown command.
You hit Duvessa.
Duvessa is lightly wounded.
Duvessa hits you but does no damage.
You hit Duvessa but do no damage.
Duvessa is lightly wounded.
Duvessa hits you but does no damage. Duvessa hits you with a +0 short sword!
You smack Duvessa!
Duvessa is moderately wounded.
Duvessa hits you with a +0 short sword!
You hit Duvessa. You punch Duvessa.
Duvessa is moderately wounded.
Duvessa hits you with a +0 short sword.
You smack Duvessa!
You punch Duvessa, but do no damage.
Duvessa is heavily wounded.
Duvessa hits you with a +0 short sword.
* * * LOW HITPOINT WARNING * * *
You hit Duvessa but do no damage.
Duvessa is heavily wounded.
Duvessa hits you with a +0 short sword!
* * * LOW HITPOINT WARNING * * *
Duvessa hits you but does no damage.
You smack Duvessa!
Duvessa is severely wounded.
Duvessa hits you but does no damage.
You barely miss Duvessa.
Duvessa is severely wounded.
Duvessa hits you but does no damage.
You hit Duvessa but do no damage.
Duvessa is severely wounded.
Duvessa hits you but does no damage. Duvessa hits you with a +0 short sword.
* * * LOW HITPOINT WARNING * * *
You hit Duvessa.
Duvessa is severely wounded.
Duvessa hits you with a +0 short sword!
You die...

#......# ## #.#.##.# #. #
#.###. ### #.#... #..
#.#.#. #.# #.#.#... #.#
#.#..... #e# #.#..#.# #♣#
#.#..#.# #.# #.#..#.# #.#
#.#..#.. #.######.#
#.#..... #........#
##.##.###
#######..########........
#...............###
###########.##..# #
#.##..###


You could see Duvessa (berserk, fast).

Vanquished Creatures
  Pikel (D:4)
  Pargi (D:4)
  2 lemures (D:4)
  A kobold brigand (D:4)
  A phantom (D:4)
  Dowan (D:4)
  A jelly (D:4)
  3 orc priests
  An iguana (D:4)
  Ijyb (D:4)
  Natasha (thrice) (D:2)
  An orc wizard (D:3)
  4 gnolls (D:3)
  9 adders
  A worm (D:2)
  4 dart slugs
  15 orcs
  8 bats
  8 endoplasms
  4 giant cockroaches
  5 hobgoblins
  5 jackals (D:1)
  3 kobolds (D:1)
  A quokka (D:1)
  4 ball pythons
  5 frilled lizards
  8 goblins
  4 rats
105 creatures vanquished.

Notes
Turn   | Place    | Note
-------+----------+-------------------------------------------
     0 | D:1      | Malachi the Octopode Transmuter began the quest for the
                  | Orb.
     0 | D:1      | Reached XP level 1. HP: 13/13 MP: 3/3
    56 | D:1      | Found Xojolid's Jewellery Shop.
   420 | D:1      | Reached XP level 2. HP: 18/18 MP: 5/5
   625 | D:1      | Found a faded altar of an unknown god.
   634 | D:1      | Found Qelar's Magic Scroll Emporium.
   836 | D:1      | Found Ino Sub's Distillery.
  1506 | D:1      | Reached XP level 3. HP: 20/23 MP: 4/6
  1927 | D:1      | Found Giechig's Jewellery Boutique.
  1929 | D:1      | Found Yrer's Book Boutique.
  2175 | D:2      | Noticed Natasha
  2185 | D:2      | Killed Natasha
  2186 | D:2      | Reached skill level 1 in Stealth
  2186 | D:2      | Reached XP level 4. HP: 21/28 MP: 7/7
  2235 | D:2      | Noticed Natasha
  2243 | D:2      | Killed Natasha
  2244 | D:2      | Reached skill level 5 in Unarmed Combat
  3003 | D:2      | Noticed Natasha
  3010 | D:2      | Killed Natasha
  3011 | D:2      | Reached XP level 5. HP: 15/33 MP: 8/8
  3773 | D:3      | Found a burning altar of Makhleb.
  4138 | D:3      | Reached XP level 6. HP: 27/38 MP: 9/9
  5451 | D:4      | Found a staircase to the Ecumenical Temple.
  5592 | Temple   | Entered the Ecumenical Temple
  5795 | Temple   | Became a worshipper of Sif Muna the Loreminder
  5819 | D:4      | Noticed Pikel
  5842 | D:4      | Reached XP level 7. HP: 35/43 MP: 9/11
  5851 | D:4      | Killed Pikel
  5852 | D:4      | Reached skill level 5 in Transmutations
  5852 | D:4      | Reached XP level 8. HP: 26/48 MP: 11/14
  6636 | D:4      | Noticed Pargi
  6653 | D:4      | Killed Pargi
  7005 | D:4      | Found a sparkling altar of Nemelex Xobeh.
  7020 | D:4      | Noticed Ijyb
  7028 | D:4      | Killed Ijyb
  7066 | D:4      | Found an iron altar of Okawaru.
  7450 | D:4      | Noticed Dowan
  7451 | D:4      | Noticed Duvessa
  7462 | D:4      | Killed Dowan
  7475 | D:4      | Slain by Duvessa

Illustrated notes

Levels and vault maps discovered:
D:1:      nagdon_arrival_zigzag_paths, layout_basic, serial_shops, shop,
          nicolae_shop_statue_plus, nicolae_square_shop, nicolae_shop_stone,
          nicolae_shop_temple_entry_statues_fountains, basic_ecumenical_altar
D:2:      layout_loops_ring, minmay_misc_feat_diagonals, nrook_loot_triangle,
          uniq_natasha
D:3:      layout_rooms, mainiacjoe_overflow_small_starburst
D:4:      layout_loops_ring, mainiacjoe_overflow_alcove_4,
          amcnicky_altar_gilded, minmay_temple_entry_statues_pillars,
          moated_statue, minmay_misc_feat_plants, uniq_blork_the_orc,
          uniq_duvessa, uniq_pargi, uniq_ijyb, uniq_pikel
Temple:   hellmonk_temple_of_storms

Skill      XL: |  1  2  3  4  5  6  7  8 |
---------------+-------------------------+-----
Unarmed Combat | 4 5 6 |  6.7
Stealth        | 1 |  1.3
Spellcasting   | 3 4 |  4.0
Transmutations | 3 5 6 |  6.0
Fighting       | |  1.0
Short Blades   | |  0.3
Long Blades    | |  0.2
Axes           | |  0.5
Maces & Flails | |  0.4
Polearms       | |  0.4
Staves         | |  0.2
Ranged Weapons | |  0.5
Throwing       | |  0.3
Dodging        | |  2.0
Shields        | |  0.5
Conjurations   | |  0.2
Hexes          | |  0.2
Summonings     | |  0.2
Necromancy     | |  0.2
Translocations | |  0.5
Fire Magic     | |  0.4
Ice Magic      | |  0.3
Air Magic      | |  0.2
Earth Magic    | |  0.3
Poison Magic   | |  0.4
Invocations    | |  0.8
Evocations     | |  0.3

Action                   |  1- 3 |  4- 6 |  7- 9 || total
-------------------------+-------+-------+-------++-------
Melee: Unarmed           |    69 |   133 |    77 ||   279
       Constrict         |    19 |    29 |    12 ||    60
       Tentacles         |    15 |    29 |    12 ||    56
       Kick              |    13 |    29 |    22 ||    64
       Punch             |       |     5 |     7 ||    12
 Cast: Beastly Appendage |    10 |    16 |     5 ||    31
  Use: Potion            |       |     4 |     3 ||     7
       Scroll            |       |     4 |       ||     4
 Stab: Sleeping          |     5 |     7 |     4 ||    16
       Distracted        |       |     2 |       ||     2
Armor: Skin              |     5 |    17 |    24 ||    46
Dodge: Dodged            |    44 |    56 |    31 ||   131

Table legend: (Time is in decaauts)
 A = Elapsed time spent in this place.
 B = Non-inter-level travel time spent in this place.
 C = Inter-level travel time spent in this place.
 D = Time resting spent in this place.
 E = Time spent auto-exploring this place.
 F = Levels seen in this place.
 G = Mean time per level.
                   A        B        C        D        E       F      G
               +--------+--------+--------+--------+--------+-----+--------+
         Total |   7445 |   7384 |     61 |   3472 |   2944 |   5 | 1489.0 |
       Dungeon |   7237 |   7180 |     57 |   3472 |   2866 |   4 | 1809.2 |
        Temple |    208 |    204 |      4 |      0 |     78 |   1 |  208.0 |
               +--------+--------+--------+--------+--------+-----+--------+

Top non-repeatable levels by time:
     D:4: 2282 daAuts
     D:1: 2003 daAuts
     D:2: 1995 daAuts
     D:3: 955 daAuts
  Temple: 208 daAuts
